 Dungeon Crawl Stone Soup version 0.17.1-2-g5865329 (webtiles) character file.

741 Moresty the Basher (level 7, -6/57 HPs)
             Began as a Minotaur Berserker on Jan 18, 2016.
             Was a Priest of Trog.
             Killed from afar by a white imp (10 damage)
             ... with a puff of frost
             ... summoned by Eustachio
             ... on level 5 of the Dungeon.
             The game lasted 00:06:09 (5153 turns).

Moresty the Basher (Minotaur Berserker)             Turns: 5153, Time: 00:06:09

Health: -6/57      AC:  8    Str: 24    XL:     7   Next: 47%
Magic:  6/6        EV: 11    Int:  4    God:    Trog [***...]
Gold:   244        SH:  0    Dex:  9    Spells: 0 memorised, 6 levels left

rFire  . . .     SeeInvis .     a - +0 mace
rCold  . . .     Clarity  .     q - +0 chain mail
rNeg   . . .     SustAt   .     (no shield)
rPois  .         Gourm    .     (helmet restricted)
rElec  .         Spirit   .     (no cloak)
rCorr  .         Warding  .     (no gloves)
rMut   .         Stasis   .     (no boots)
MR     +....                    (no amulet)
Stlth  ..........               v - ring of protection from magic
                                w - +3 ring of evasion

@: exhausted, slowed, very slow, somewhat resistant to hostile enchantments,
extremely unstealthy
A: retaliatory headbutt, horns 2
a: Berserk, Trog's Hand, Burn Spellbooks, Renounce Religion


You were on level 5 of the Dungeon.
You worshipped Trog.
Trog was most pleased with you.
You were hungry.

You visited 1 branch of the dungeon, and saw 5 of its levels.

You collected 244 gold pieces.

Inventory:

Hand Weapons
 a - a +0 mace (weapon)
 g - a +0 club
Armour
 b - a +0 animal skin
 q - a +0 chain mail (worn)
Jewellery
 m - an uncursed ring of flight
 v - a ring of protection from magic (right hand)
 w - a +3 ring of evasion (left hand)
Scrolls
 d - 2 scrolls of identify {unknown}
 e - a scroll of magic mapping {unknown}
 f - 2 scrolls of enchant armour {unknown}
 h - 2 scrolls of blinking {unknown}
 j - 5 scrolls of remove curse {unknown}
 o - a scroll of fear {unknown}
Potions
 i - 2 potions of heal wounds {unknown}
 k - a potion of might {unknown}
 l - a potion of ambrosia {unknown}
 p - 2 potions of poison {unknown}
 r - 3 potions of flight {unknown}
 s - a potion of lignification {unknown}
 t - 3 potions of curing {unknown}
 u - a potion of brilliance {unknown}
Comestibles
 c - 7 bread rations


   Skills:
 - Level 3.6 Fighting
 + Level 10.5 Maces & Flails
 - Level 2.4 Armour
 - Level 2.1 Dodging


You had 6 spell levels left.
You didn't know any spells.

Dungeon Overview and Level Annotations

Branches:
Dungeon (5/15)             Temple (0/1) D:4

Altars:
Sif Muna
The Shining One

Annotations:
D:5 Eustachio


Innate Abilities, Weirdness & Mutations

You reflexively headbutt those who attack you in melee.
You have a pair of horns on your head.


Message History

The puff of frost misses you.
You hit the river rat.
The river rat is moderately wounded.
The white imp gestures at you. The puff of frost hits you!
* * * LOW HITPOINT WARNING * * *
The river rat bites you.
* * * LOW HITPOINT WARNING * * *
The white imp hits you.
* * * LOW HITPOINT WARNING * * *
The white imp freezes you.
* * * LOW HITPOINT WARNING * * *
The river rat twitches its whiskers.
There isn't anything here!
Okay, then.
You thump the white imp!
The white imp is severely wounded.
The white imp gestures at you. The puff of frost hits you!
You die...

#.# #'##
###.##### #.#
.# #.# .# #.#
######.# ##..
.()##.# ###...
#####.##.#
.....
#........# #..@
#.###.#### #..
#.# #.#
#.##..##@###.#
#....@r5.....#
......#########
#####


You could see Eustachio, a river rat and a white imp.

Vanquished Creatures
  An ice beast (D:5)
  A sky beast (D:3)
  A jelly (D:5)
  2 orc priests
  Ijyb (D:2)
  An iguana (D:5)
  A centaur skeleton (D:4)
  3 hounds
  A worker ant (D:5)
  Terence (D:2)
  2 orc wizards
  Robin (D:2)
  10 adders
  A shadow imp (D:5)
  An ooze (D:3)
  5 giant geckos
  5 orcs
  A ball python (D:3)
  10 bats
  4 giant cockroaches
  13 goblins
  13 hobgoblins
  4 jackals (D:2)
  10 kobolds
  A quokka (D:3)
  A giant newt (D:3)
  A quokka zombie (D:5)
  7 rats
  A plant (D:4)
104 creatures vanquished.

Notes
Turn   | Place    | Note
--------------------------------------------------------------
     0 | D:1      | Moresty the Minotaur Berserker began the quest for the Orb.
     0 | D:1      | Reached XP level 1. HP: 19/19 MP: 0/0
   280 | D:1      | Reached skill level 4 in Maces & Flails
   306 | D:1      | Reached XP level 2. HP: 16/26 MP: 1/1
   968 | D:2      | Reached skill level 5 in Maces & Flails
   968 | D:2      | Reached XP level 3. HP: 17/31 MP: 2/2
  1296 | D:2      | Noticed Ijyb
  1311 | D:2      | Killed Ijyb
  1329 | D:2      | Reached skill level 6 in Maces & Flails
  1329 | D:2      | Reached XP level 4. HP: 8/39 MP: 3/3
  1355 | D:2      | HP: 1/39 [poisoned by an adder]
  1765 | D:2      | Noticed Robin
  1768 | D:2      | Reached ** piety under Trog
  1773 | D:2      | Killed Robin
  2477 | D:2      | Noticed Terence
  2487 | D:2      | Killed Terence
  2487 | D:2      | Reached skill level 7 in Maces & Flails
  2487 | D:2      | Reached XP level 5. HP: 36/45 MP: 4/4
  2687 | D:3      | Noticed a sky beast
  2696 | D:3      | Killed a sky beast
  2730 | D:3      | Reached skill level 8 in Maces & Flails
  2735 | D:3      | Reached *** piety under Trog
  2801 | D:3      | Reached XP level 6. HP: 19/51 MP: 5/5
  3280 | D:3      | Found a glowing golden altar of the Shining One.
  3683 | D:4      | Noticed a rust devil
  3898 | D:4      | Found a deep blue altar of Sif Muna.
  3933 | D:4      | Found a staircase to the Ecumenical Temple.
  3950 | D:4      | Noticed an angel
  4134 | D:4      | Reached skill level 9 in Maces & Flails
  4269 | D:5      | Entered Level 5 of the Dungeon
  4525 | D:5      | Reached XP level 7. HP: 54/57 MP: 6/6
  5052 | D:5      | Reached skill level 10 in Maces & Flails
  5121 | D:5      | Noticed Eustachio
  5153 | D:5      | Killed from afar by a white imp

Action                   |  1- 3 |  4- 6 |  7- 9 || total
-------------------------+-------+-------+-------++-------
Melee: Mace              |    62 |   152 |    59 ||   273
Invok: Berserk           |       |     2 |     1 ||     3
 Stab: Sleeping          |       |     2 |       ||     2
  Eat: Chunk             |     1 |    11 |     2 ||    14
       Beef jerky        |       |     1 |       ||     1
